cohdb
Replays
Latest Replays
All Replays
Popular Replays
Top Player Replays
Match Explorer
How It Works
Community
CoH3 Stats
Reddit
Sign in to upload your games and track your stats! →
Sign in with Steam
Match 42264565
Unlisted
Match 42264565
Overview
Messages
Build Orders
End
Engineer Squad
Selects Airborne Battlegroup
Selects Heavy Machine Gun Paradrop
Heavy Machine Gun Paradrop
Heavy Machine Gun Paradrop
Air Support Center
Construct Weapon Support Center
Heavy Machine Gun Paradrop
Heavy Machine Gun Paradrop
Selects Paratrooper Squad Paradrop
Paratrooper Squad Paradrop
Paratrooper Squad Paradrop
Heavy Machine Gun Paradrop
Paratrooper Squad Paradrop
Construct Motor Pool
Paratrooper Squad Paradrop
P-47 Dive Bomb
M24 Chaffee Light Tank
Paratrooper Squad Paradrop
wudeer3
bakedtester
TheBigChief69
重生之我在COH3里玩CS,因为只有框
MapSimulatorEnthusiast
Thunderhill
MZMZ
jerjawe
0
0
Comments
sign in to comment!
No comments posted yet!